Map: Year Zero LE

Players

Jasminator

  • Race: Zerg Zerg
  • League: Diamond
  • Spawn Location: 1:00

Cliggity - Winner!

  • Race: Protoss Protoss
  • Spawn Location: 11:00

VOD

Have the link to the VOD?

Description

Time

  • Played on: Jan. 25, 2019, 11:07 p.m.
  • Length: 18:49
Show
View Real Time Build Order
Export as new Build Order

Jasminator Zerg 

Build Orders: Hatch First 

Get SALT Encoding   

  12  0:02  Drone  
  13  0:13  Overlord  
  13  0:18  Drone  
  14  0:43  Hatchery  
  14  0:46  Drone  
  14  0:50  Drone  
  14  0:53  Drone  
  16  1:00  Drone  
  17  1:06  Extractor  
  16  1:15  Spawning Pool  
  15  1:19  Drone  
  15  1:22  Drone  
  17  1:30  Drone  
  18  1:40  Drone  
  19  1:52  Overlord  
  19  2:02  Queen  
  19  2:04  Queen  
  23  2:10  Metabolic Boost  
  23  2:14  Zergling x4  
  25  2:17  Zergling x2  
  25  2:21  Drone  
  27  2:24  Drone  
  27  2:27  Drone  
  27  2:29  Drone  
  30  2:48  Hatchery  
  29  2:55  Drone x3  
  32  3:00  Drone x2  
  34  3:07  Evolution Chamber  
  34  3:11  Queen  
  35  3:14  Drone  
  35  3:33  Overlord x2  
  35  3:41  Overlord  
  35  3:44  Zerg Melee Weapons Level 1  
  35  3:54  Spore Crawler  
  34  3:59  Drone x3  
  37  4:03  Drone, Queen  
  37  4:04  Drone x2  
  37  4:05  Drone x2, Spore Crawler  
  37  4:06  Drone  
  44  4:11  Drone x2  
  46  4:22  Drone x3  
  46  4:23  Overlord  
  49  4:28  Lair  
  49  4:33  Extractor  
  49  4:37  Drone x3  
  49  4:49  Drone  
  49  4:50  Drone x3  
  49  4:51  Overlord  
  49  4:52  Spore Crawler  
  52  5:00  Zergling x12  
  54  5:15  Zergling x16  
  61  5:24  Overlord  
  61  5:27  Drone x4  
  61  5:28  Drone  
  66  5:33  Pneumatized Carapace  
  66  5:36  Zergling x10  
  71  5:55  Queen  
  73  6:10  Overlord x2  
  73  6:17  Queen  
  73  6:22  Zergling x6  
  73  6:30  Overlord x2  
  73  6:31  Zergling x22  
  80  6:32  Queen  
  80  6:33  Queen  
  80  6:46  Zergling x2  
  80  6:47  Zergling x8  
  82  7:03  Zergling x12  
  88  7:15  Zergling x4  
  90  7:21  Overlord x2  
  90  7:22  Overlord  
  82  7:33  Overlord x2  
  82  7:35  Zerg Ground Armor Level 1  
  82  7:39  Queen x3  
  82  7:43  Baneling Nest  
  87  7:44  Spore Crawler  
  87  7:47  Spore Crawler x2  
  87  7:48  Spore Crawler  
  87  7:51  Spore Crawler  
  78  7:52  Spore Crawler  
  77  8:00  Zergling x2  
  77  8:01  Zergling x28  
  92  8:20  Overlord x2  
  92  8:26  Spire  
  91  8:28  Baneling x11  
  91  8:29  Baneling x6  
  91  8:32  Zergling x2  
  91  8:40  Zergling x10  
  88  8:51  Zergling x2  
  88  8:52  Zergling x12  
  79  9:03  Zergling x4  
  79  9:04  Zergling x8  
  82  9:13  Zergling x12  
  82  9:16  Zergling x2  
  81  9:24  Zergling x2  
  81  9:25  Zergling x8  
  81  9:30  Baneling x5  
  81  9:31  Baneling x3  
  82  9:32  Baneling  
  82  9:33  Baneling  
  82  9:41  Drone x3  
  80  10:01  Zergling x14  
  80  10:02  Zergling x6  
  83  10:12  Zergling x16  
  87  10:16  Zergling x2  
  87  10:20  Zerg Melee Weapons Level 2  
  79  10:22  Drone x2  
  79  10:23  Drone  
  78  10:30  Drone x3  
  78  10:31  Extractor  
  78  10:34  Drone  
  78  10:35  Drone  
  82  10:36  Spore Crawler  
  81  10:43  Drone x3  
  81  10:44  Drone  
  81  10:47  Drone  
  81  10:48  Drone  
  88  10:50  Drone  
  88  10:52  Drone  
  88  10:56  Centrifical Hooks  
  89  10:58  Drone  
  90  11:11  Drone x4  
  94  11:12  Drone x2  
  94  11:13  Drone x3  
  99  11:20  Extractor  
  99  11:23  Extractor  
  97  11:29  Infestation Pit  
  97  11:30  Drone  
  97  11:31  Drone, Extractor  
  97  11:35  Drone x2  
  99  11:52  Hatchery  
  98  12:05  Hydralisk Den  
  98  12:07  Hive  
  97  12:12  Burrow  
  97  12:14  Corruptor  
  99  12:31  Overlord x2  
  99  12:35  Zerg Ground Armor Level 2  
  98  12:37  Grooved Spines  
  97  12:55  Drone x3  
  97  12:56  Lurker Den  
  97  12:57  Hydralisk x4  
  102  13:09  Queen  
  102  13:11  Drone x4  
  102  13:12  Drone x6  
  114  13:15  Overseer x2  
  114  13:17  Drone x2  
  116  13:29  Evolution Chamber  
  116  13:31  Evolution Chamber  
  116  13:32  Extractor x2  
  105  13:42  Baneling x9  
  105  13:43  Baneling  
  105  13:45  Hydralisk  
  107  13:48  Muscular Augments  
  95  14:02  Zergling x2  
  95  14:03  Zergling x34  
  102  14:28  Zerg Melee Weapons Level 3, Adrenal Glands, Zerg Missile Weapons Level 1  
  102  14:30  Adaptive Talons  
  102  14:31  Hydralisk x4  
  100  14:33  Drone x18  
  100  14:38  Drone x4  
  112  14:40  Spore Crawler  
  112  14:42  Spine Crawler  
  112  14:43  Spine Crawler  
  112  14:45  Spine Crawler  
  108  14:51  Hydralisk x2  
  112  14:55  Overlord  
  112  14:58  Hatchery  
  111  15:07  Spire  
  110  15:24  Lurker  
  110  15:25  Lurker  
  112  15:31  Lurker  
  112  15:32  Lurker x3  
  112  15:35  Zergling x12  
  122  15:37  Overlord x2  
  113  16:07  Drone x14  
  109  16:12  Zergling x2  
  109  16:13  Zergling x32  
  118  16:31  Zergling x12  
  93  16:56  Baneling x6  
  78  17:23  Zergling x2  
  78  17:24  Zergling x16  
  68  17:38  Zergling x4  
  68  17:43  Hydralisk  
  53  18:04  Baneling x3  
  53  18:05  Baneling  
  48  18:20  Drone  
  48  18:32  Drone  
Show
View Real Time Build Order
Export as new Build Order

Cliggity Protoss - Winner!

Build Orders: 1 Gate Expand 

Get SALT Encoding   

  12  0:01  Probe  
  13  0:13  Probe  
  14  0:20  Pylon  
  14  0:25  Probe  
  15  0:37  Probe  
  16  0:45  Probe  
  16  0:49  Gateway  
  17  0:53  Probe  
  17  0:58  Assimilator  
  18  1:13  Probe  
  19  1:25  Probe  
  20  1:31  Nexus  
  20  1:38  Probe  
  21  1:42  Pylon  
  21  1:59  Probe  
  21  2:01  Assimilator  
  22  2:11  Probe  
  22  2:12  Cybernetics Core  
  23  2:36  Gateway  
  23  2:37  Pylon  
  23  2:39  Probe x2  
  25  2:47  Probe x2  
  25  2:51  Adept  
  26  2:53  Warp Gate  
  26  2:57  Probe x2  
  30  3:09  Probe x2  
  30  3:11  Pylon  
  32  3:13  Adept  
  32  3:15  Shield Battery  
  32  3:25  Probe x2  
  36  3:35  Sentry  
  36  3:36  Probe x2  
  36  3:40  Stargate  
  40  3:42  Pylon  
  40  3:44  Probe x2  
  42  3:49  Adept  
  42  3:52  Probe x2  
  46  4:07  Adept  
  48  4:13  Probe x2  
  48  4:15  Assimilator  
  50  4:17  Assimilator  
  50  4:19  Adept  
  50  4:21  Pylon  
  50  4:23  Phoenix  
  54  4:40  Probe x2  
  56  4:48  Phoenix  
  58  5:05  Phoenix  
  58  5:10  Probe  
  58  5:11  Probe  
  58  5:23  Probe  
  58  5:27  Stalker x2  
  58  5:28  Phoenix  
  63  5:35  Probe x2, Nexus  
  67  5:38  Assimilator  
  67  5:40  Stargate, Assimilator  
  67  5:42  Twilight Council  
  67  5:45  Pylon  
  67  5:47  Probe  
  67  5:48  Pylon  
  68  5:53  Phoenix  
  70  6:03  Probe x2  
  70  6:04  Pylon  
  72  6:14  Shield Battery  
  72  6:16  Shield Battery  
  72  6:18  Phoenix  
  74  6:25  Adept x2  
  76  6:36  Probe x2  
  78  6:44  Adept  
  78  6:46  Adept  
  82  6:53  Phoenix x2  
  82  7:14  Stalker  
  82  7:15  Stalker  
  86  7:23  Charge  
  86  7:24  Probe x3  
  89  7:31  Gateway  
  89  7:36  Gateway  
  89  7:38  Gateway  
  89  7:39  Gateway  
  89  7:40  Gateway  
  89  7:42  Pylon  
  89  7:48  Probe x3  
  91  7:56  Probe x3  
  92  8:05  Probe  
  95  8:07  Robotics Facility  
  95  8:09  Robotics Facility  
  95  8:12  Forge  
  96  8:14  Zealot x2  
  96  8:15  Forge  
  100  8:20  Pylon  
  100  8:22  Pylon  
  100  8:24  Pylon  
  98  8:27  Oracle x2  
  98  8:33  Zealot x2  
  108  8:35  Zealot x4  
  116  8:44  Pylon  
  116  8:45  Pylon  
  116  8:47  Pylon  
  114  8:49  Pylon  
  88  8:55  Sentry x3  
  88  8:57  Zealot  
  88  8:58  Zealot  
  88  8:59  Zealot x2  
  88  9:14  Protoss Ground Weapons Level 1, Protoss Ground Armor Level 1  
  88  9:15  Probe x3  
  76  9:21  Zealot x3  
  76  9:22  Zealot x4  
  86  9:27  Probe x3  
  86  9:31  Immortal  
  91  9:37  Probe x2  
  91  9:38  Probe  
  94  9:46  Probe x3  
  94  9:47  Templar Archives  
  97  9:54  Probe x2  
  97  9:57  Zealot x3  
  97  9:58  Zealot  
  77  10:10  Zealot x3  
  73  10:17  Probe x2  
  65  10:21  Probe  
  65  10:26  Probe  
  63  10:31  Probe  
  63  10:33  Probe  
  63  10:35  Probe  
  66  10:41  Warp Prism  
  69  10:43  Probe  
  69  10:45  Probe  
  71  11:01  Protoss Ground Armor Level 2, Protoss Ground Weapons Level 2  
  68  11:10  Probe x2  
  68  11:11  Probe  
  71  11:16  High Templar  
  71  11:17  High Templar x6  
  85  11:22  Probe  
  85  11:23  Probe x2  
  88  11:31  Probe  
  88  11:34  Probe  
  88  11:35  Probe  
  88  11:39  Probe  
  91  11:46  Probe  
  94  11:47  Probe  
  94  11:48  Probe  
  95  11:59  Probe x2  
  97  12:01  Zealot x4  
  97  12:02  Zealot x3  
  111  12:11  Probe x2  
  111  12:29  Probe  
  109  12:30  Zealot x6  
  109  12:31  Zealot  
  109  12:32  Probe x2  
  120  12:37  Probe  
  117  12:44  Probe  
  117  12:45  Probe  
  117  12:46  Archon x2  
  117  12:47  Probe  
  120  12:55  Zealot x7  
  120  12:56  Probe  
  120  12:57  Probe  
  134  13:08  Probe  
  131  13:30  Warp Prism  
  131  13:31  Warp Prism  
  125  13:43  High Templar x5  
  135  13:50  Archon x2  
  135  13:58  Immortal x2  
  126  14:14  Nexus  
  126  14:15  Protoss Ground Weapons Level 3  
  126  14:19  Assimilator  
  126  14:23  Assimilator  
  122  14:26  Pylon  
  122  14:29  Pylon  
  118  14:38  Immortal  
  122  14:57  Zealot x7  
  133  15:40  Zealot x7  
  133  15:41  Protoss Ground Armor Level 3  
  147  15:51  Immortal  
  147  15:52  Immortal  
  135  16:03  Zealot x5  
  135  16:04  Zealot  
  149  16:28  Observer, Immortal  
  149  16:30  Psionic Storm  
  138  16:45  Zealot x7  
  144  16:49  Observer  
  116  17:17  High Templar x7  
  126  17:28  Archon x3  
  108  17:31  Archon  
  82  17:59  Zealot  
  82  18:00  Zealot x6  
  96  18:17  Nexus  
  96  18:20  Assimilator  
  96  18:25  Assimilator  
  96  18:26  Zealot x4  
  102  18:28  Pylon  
  102  18:31  Pylon  
  92  18:40  Nexus  
  86  18:42  Assimilator  
  86  18:44  Assimilator  
Tags
 
Add a new tag
Caveats
  • Supply blocks, unpowered buildings, or Contaminate may cause inaccurate times.
  • Supply counts are checked every 10 seconds.